 Dungeon Crawl Stone Soup version 0.30-a0-23-ge60ba3568b (webtiles) character file.

Game seed: 6696954553174655718

662 SensoryNuts the Cleaver (level 7, -1/60 HPs)
             Began as a Hill Orc Fighter on Aug 24, 2022.
             Was an Initiate of Beogh.
             Splashed by a jelly's acid (11 damage)
             ... on level 5 of the Dungeon.
             The game lasted 00:05:20 (4970 turns).

SensoryNuts the Cleaver (Hill Orc Fighter)          Turns: 4970, Time: 00:05:20

Health: -1/60      AC:  0    Str: 21    XL:     7   Next: 56%
Magic:  7/7        EV:  9    Int:  8    God:    Beogh [......]
Gold:   300        SH:  4    Dex: 10    Spells: 6/6 levels left

rFire   . . .      SeeInvis .    a - +0 war axe
rCold   . . .      Faith    .    c - +0 buckler
rNeg    . . .      Spirit   .    b - +0 scale mail
rPois   .          Reflect  .    (no helmet)
rElec   .          Harm     .    (no cloak)
rCorr   .          Rampage  .    (no gloves)
Will    .....                    o - +0 pair of boots
Stlth   ..........               (no amulet)
HPRegen 0.20/turn                (no ring)
MPRegen 0.10/turn                (no ring)

@: corroded
A: no striking features
a: Renounce Religion


You were on level 5 of the Dungeon.
You worshipped Beogh.
Beogh was noncommittal.
You visited 1 branch of the dungeon, and saw 5 of its levels.

You collected 300 gold pieces.

Inventory:

Hand Weapons
 a - a +0 war axe (weapon)
Missiles
 n - a throwing net (quivered)
Armour
 b - a +0 scale mail (worn)
 c - a +0 buckler (worn)
 o - a +0 pair of boots (worn)
Jewellery
 h - a ring of fire
 i - a ring of resist corrosion
Wands
 l - a wand of flame (17)
Scrolls
 e - a scroll of noise
 f - 2 scrolls of butterflies
 g - a scroll of enchant armour
Potions
 j - a potion of curing
 k - a potion of magic
 m - a potion of haste
 p - a potion of cancellation


   Skills:
 + Level 4.7 Fighting
 * Level 8.2 Axes
 + Level 5.0 Armour
 + Level 1.5 Dodging
 + Level 0.1 Stealth
 + Level 4.0 Shields


You had 6 spell levels left.
You didn't know any spells.
Your spell library contained the following spells:

 Spells                   Type           Power      Damage    Failure   Level
 Blink                    Tloc           0%         N/A       92%         2
 Ensorcelled Hibernation  Hex/Ice        0%         N/A       92%         2
 Passwall                 Tmut/Erth      0%         N/A       92%         2
 Swiftness                Air            0%         N/A       99%         3
 Manifold Assault         Tloc           0%         N/A       100%        5
 Storm Form               Tmut/Air       0%         N/A       100%        7


Dungeon Overview and Level Annotations

Branches:
Dungeon (5/15)
 Temple: D:4-7

Altars:

Shops:
D:3 (


Message History

The ogre shouts!
You block the jelly's attack.
You hit the jelly. The acid corrodes you!
Your hands burn!
The jelly is lightly wounded.
The jelly barely misses you. The jelly completely misses you.
A phantom comes into view.
You hit the jelly but do no damage. The acid corrodes you!
Your hands burn!
The jelly is lightly wounded.
The jelly closely misses you.
You hit the jelly but do no damage.
Your hands burn!
The jelly is lightly wounded.
The jelly hits you.
You are splashed with acid!
You slash the jelly!
Your hands burn!
The jelly is moderately wounded.
You hit the ogre. You block the jelly's attack.
The ogre hits you with a +0 giant club!!
* * * LOW HITPOINT WARNING * * *
You are too injured to fight recklessly!
You are too injured to fight recklessly!
You are too injured to fight recklessly!
You are too injured to fight recklessly!
You are too injured to fight recklessly!
You are too injured to fight recklessly!
You are too injured to fight recklessly!
You are too injured to fight recklessly!
You are too injured to fight recklessly!
You are too injured to fight recklessly!
You are too injured to fight recklessly!
You are too injured to fight recklessly!
You are too injured to fight recklessly!
You are too injured to fight recklessly!
You are too injured to fight recklessly!
You are too injured to fight recklessly!
You are too injured to fight recklessly!
You are too injured to fight recklessly!
Unknown command.
The jelly hits you.
* * * LOW HITPOINT WARNING * * *
You are splashed with acid!
You die...

####.#.# #.....
#.#.# #....$
#.#.### #.#...
#.....# ..##.##..
######.#.###...##.#
##
.....#'#W..'...'..#
#......##...####
##.####......# .#
#....!.@.O...#
########J..#....
.##...#.# ..
)##..... #.# .
##... #. .. #. #


You could see an ogre, a phantom and a jelly.

Vanquished Creatures
  Duvessa (D:4)
  A black bear (D:4)
  A scorpion (D:4)
  Dowan (D:4)
  A jelly (D:4)
  A hound (D:4)
  An orc priest (D:4)
  An iguana (D:5)
  An orc wizard (D:4)
  Natasha (thrice) (D:4)
  3 gnolls
  4 adders
  2 ufetubi (D:4)
  2 worms
  A dart slug (D:3)
  An orc (D:5)
  6 bats
  13 endoplasms
  3 giant cockroaches
  3 goblins
  3 hobgoblins
  2 jackals
  5 quokkas
  8 ball pythons
  3 frilled lizards
  5 kobolds
  2 rats
78 creatures vanquished.

Vanquished Creatures (others)
  An orc (D:4)
1 creature vanquished.

Grand Total: 79 creatures vanquished

Notes
Turn   | Place    | Note
-------+----------+-------------------------------------------
     0 | D:1      | SensoryNuts the Hill Orc Fighter began the quest for the
                  | Orb.
     0 | D:1      | Reached XP level 1. HP: 19/19 MP: 1/1
   181 | D:1      | Reached XP level 2. HP: 26/27 MP: 2/2
   868 | D:2      | Reached skill level 3 in Axes
   868 | D:2      | Reached XP level 3. HP: 3/33 MP: 3/3
   884 | D:1      | HP: 1/33 [jackal (2)]
  1589 | D:2      | Reached XP level 4. HP: 39/40 MP: 4/4
  1653 | D:2      | Found a faded altar of an unknown god.
  1670 | D:2      | Reached skill level 4 in Axes
  2097 | D:3      | Found Ceromuf's Antique Weapon Shoppe.
  2123 | D:3      | Reached skill level 5 in Axes
  2250 | D:3      | Reached XP level 5. HP: 46/46 MP: 5/5
  2867 | D:4      | Noticed Duvessa
  2867 | D:4      | Noticed Dowan
  2881 | D:5      | Entered Level 5 of the Dungeon
  2886 | D:5      | Noticed an ogre
  3753 | D:4      | Reached skill level 6 in Axes
  3753 | D:4      | Reached skill level 1 in Dodging
  3894 | D:4      | Reached XP level 6. HP: 46/52 MP: 6/6
  4033 | D:4      | Noticed a black bear
  4040 | D:4      | Killed a black bear
  4217 | D:4      | Noticed Natasha
  4222 | D:4      | Killed Natasha
  4223 | D:4      | Reached skill level 7 in Axes
  4240 | D:4      | Noticed Natasha
  4248 | D:4      | Killed Natasha
  4400 | D:4      | Killed Duvessa
  4401 | D:4      | Reached XP level 7. HP: 35/60 MP: 7/7
  4409 | D:4      | Killed Dowan
  4608 | D:4      | Noticed Natasha
  4614 | D:4      | Killed Natasha
  4676 | D:4      | Reached skill level 8 in Axes
  4781 | D:4      | Became a worshipper of Beogh the Brigand
  4792 | D:4      | Reached skill level 5 in Armour
  4970 | D:5      | Splashed by a jelly's acid

Illustrated notes

Levels and vault maps discovered:
D:1:      lemuel_arrival_funnel, layout_basic
D:2:      layout_basic, chequers_ecumenical_altar_island
D:3:      layout_basic, serial_shops, nicolae_shop_crystal
D:4:      wad_crossroads, layout_basic, nrook_mini_backslash,
          kennysheep_generic_room_13, uniq_duvessa, uniq_natasha
D:5:      layout_basic, minmay_temple_entry_grid, hangedman_decor_peaks_small

Skill      XL: |  1  2  3  4  5  6  7 |
---------------+----------------------+-----
Fighting       | 4 |  4.7
Axes           | 3 5 6 7 8 |  8.2
Armour         | 4 5 |  5.0
Dodging        | 1 |  1.5
Shields        | 4 |  4.0
Stealth        | |  0.1

Action                   |  1- 3 |  4- 6 |  7- 9 || total
-------------------------+-------+-------+-------++-------
Melee: War axe           |    78 |   156 |    23 ||   257
Invok: Convert to Beogh  |       |       |     1 ||     1
  Use: Scroll            |     4 |     5 |     3 ||    12
       Potion            |     2 |     2 |       ||     4
Armor: Scale mail        |    40 |   111 |    12 ||   163
Dodge: Dodged            |    50 |    84 |    10 ||   144
Block: Buckler           |    23 |    53 |     4 ||    80

Table legend: (Time is in decaauts)
 A = Elapsed time spent in this place.
 B = Non-inter-level travel time spent in this place.
 C = Inter-level travel time spent in this place.
 D = Time resting spent in this place.
 E = Time spent auto-exploring this place.
 F = Levels seen in this place.
 G = Mean time per level.
                   A        B        C        D        E       F      G
               +--------+--------+--------+--------+--------+-----+--------+
         Total |   5053 |   4966 |     87 |    544 |   3676 |   5 | 1010.6 |
       Dungeon |   5053 |   4966 |     87 |    544 |   3676 |   5 | 1010.6 |
               +--------+--------+--------+--------+--------+-----+--------+

Top non-repeatable levels by time:
     D:4: 1617 daAuts
     D:1: 1411 daAuts
     D:3: 734 daAuts
     D:2: 656 daAuts
     D:5: 633 daAuts
